 Dungeon Crawl Stone Soup version 0.19-GnollCrawlA-1-g03664ee (webtiles) character file.

1003 AlphabetPasta the Ducker (level 1, -11/22 HPs)
             Began as a Troll Berserker on Mar 11, 2017.
             Was a Priest of Trog.
             Mangled by a gnoll
             ... wielding a +1 halberd of venom
              (13 damage)
             ... on level 6 of the Dungeon on Mar 12, 2017.
             The game lasted 00:25:28 (5366 turns).

AlphabetPasta the Ducker (Troll Berserker)          Turns: 5366, Time: 00:25:30

Health: -11/22     AC:  7    Str: 24    XL:     1   Next: 0%
Magic:  0/0        EV: 10    Int:  3    God:    Trog [***...]
Gold:   201        SH:  0    Dex:  9    Spells: 0 memorised, 0 levels left

rFire  . . .     SeeInvis .     a - +0 halberd (flame)
rCold  . . .     Gourm    +     p - +0 animal skin
rNeg   . . .     Faith    .     (shield currently unavailable)
rPois  .         Spirit   .     (helmet restricted)
rElec  .         Dismiss  .     o - +1 cloak
rCorr  .         Reflect  .     (gloves unavailable)
SustAt .         Harm     .     (boots unavailable)
MR     .....                    (no amulet)
Stlth  +.........               (no ring)
                                (no ring)

@: lethally poisoned (-11 -> -22), exhausted, slowed, very slow
A: unfitting armour, claws 3, fast metabolism 3, gourmand, regeneration 2,
shaggy fur 1, tough skin 2
a: Berserk, Trog's Hand, Burn Spellbooks, Renounce Religion


You were on level 6 of the Dungeon.
You worshipped Trog.
Trog was most pleased with you.
You were completely stuffed.

You visited 1 branch of the dungeon, and saw 6 of its levels.

You collected 281 gold pieces.
You spent 80 gold pieces at shops.

Inventory:

Hand Weapons
 a - a +0 halberd of flaming (weapon)
 b - a +2 shortbow of flaming
Missiles
 r - 145 arrows
 s - 4 javelins (quivered)
Armour
 o - a +1 cloak (worn)
 p - a +0 animal skin (worn)
Jewellery
 m - an uncursed ring of ice
 u - an uncursed amulet of dismissal {unknown}
Wands
 l - a wand of iceblast (12/15)
 A - a wand of paralysis (14/24)
Scrolls
 d - 2 scrolls of remove curse
 h - a scroll of enchant armour
 y - 2 scrolls of teleportation
Potions
 e - a potion of magic
 g - a potion of beneficial mutation {unknown}
 j - 2 potions of might
 n - a potion of flight
 q - a potion of degeneration {unknown}
 t - a potion of brilliance
 v - a potion of curing
 w - a potion of mutation {unknown}
 z - a potion of lignification {unknown}
 B - a potion of heal wounds {unknown}
Comestibles
 c - 3 bread rations
 f - a meat ration
 i - 2 beef jerkies
 k - 3 slices of pizza
 x - a chunk of flesh


   Skills:
 + Level 2.4 Fighting
 + Level 2.4 Polearms
 + Level 2.4 Dodging


You couldn't memorise any spells.
You didn't know any spells.

Dungeon Overview and Level Annotations

Branches:
Dungeon (6/15)             Temple (0/1) D:2

Altars:
Cheibriados
Elyvilon
Makhleb
Nemelex Xobeh
Okawaru
Pakellas
Trog

Shops:
D:5 }


Innate Abilities, Weirdness & Mutations

You are too large for most types of armour.
You have claws for hands.
Your metabolism is lightning-fast.
You like to eat raw meat.
You heal very quickly.
You are covered in fur. (AC +1)
You have very tough skin. (AC +2)


Message History

You are exhausted.
You feel yourself slow down.
You feel sick.
The gnoll hits you from afar with a halberd of venom.
* * * LOW HITPOINT WARNING * * *
You are lethally poisoned!
Attack whom?
Press: ? - help, Dir - move target cursor, f/p - gnoll
Aim: a gnoll, wielding a halberd of venom (lightly wounded)
Okay, then.
Evoke which item? (* to show all) (? for menu, Esc to quit)
Zapping:
A - a wand of paralysis (15/24)
Press: ? - help, Shift-Dir - straight line, f/p - gnoll
Aim: a gnoll, wielding a halberd of venom (lightly wounded, chance to defeat MR: 54%)
The gnoll resists with significant effort.
This wand has 14 charges left.
* * * LOW HITPOINT WARNING * * *
You feel very sick.
The gnoll hits you from afar with a halberd of venom!
Ouch! That really hurt!
You die...

#
#..........................
#..................<.......
#..........................
#..........................
########.....#####'####'##.
.......#...).#......#....#.
.......#.....#......#....#.
.......#..)).#......#....#.
.......'..@..#......#......
##+#####.....#####..##.#...
###g......##########
......'.......#
......#.......#
......#.......# ....#
#.......# .... ......###
... ......#


You could see a gnoll.

Vanquished Creatures
  101 gnolls
101 creatures vanquished.

Notes
Turn   | Place    | Note
-------+----------+-------------------------------------------
     0 | D:1      | AlphabetPasta the Troll Berserker began the quest for the Orb.
     0 | D:1      | Reached XP level 1. HP: 22/22 MP: 0/0
    82 | D:1      | HP: 1/22 [gnoll/club (8)]
   994 | D:2      | Found a burning altar of Makhleb.
   997 | D:2      | Found a staircase to the Ecumenical Temple.
  1008 | D:2      | Found a white marble altar of Elyvilon.
  1027 | D:2      | Reached ** piety under Trog
  1223 | D:2      | HP: 1/22 [gnoll/halberd (12)]
  1733 | D:2      | Found an oddly glowing altar of Pakellas.
  2121 | D:3      | Found an iron altar of Okawaru.
  2273 | D:3      | Found a faded altar of an unknown god.
  2301 | D:3      | Found a snail-covered altar of Cheibriados.
  2524 | D:3      | Found a sparkling altar of Nemelex Xobeh.
  3534 | D:4      | Reached *** piety under Trog
  3731 | D:5      | Entered Level 5 of the Dungeon
  3885 | D:5      | Found a bloodstained altar of Trog.
  4241 | D:5      | Found a runed door.
  4252 | D:5      | Found a runed door.
  4474 | D:5      | Found Vaot's Gadget Shop.
  4483 | D:5      | Bought a wand of paralysis (6/24) for 80 gold pieces
  5352 | D:6      | HP: 1/22 [gnoll/whip of freezing (2)]
  5366 | D:6      | Mangled by a gnoll

Action                   || total
-------------------------++-------
Melee: Halberd           ||   242
       Spear             ||    52
 Fire: Shortbow          ||    64
Throw: Javelin           ||     2
Invok: Berserk           ||    10
Evoke: Wand              ||     4
  Use: Scroll            ||    10
       Potion            ||     2
 Stab: Paralysed         ||     2
  Eat: Chunk             ||     6
Armor: Animal skin       ||    32
Dodge: Dodged            ||   111
